 Dungeon Crawl Stone Soup version 0.28-a0-691-gad6df49e81 (webtiles) character file.

Game seed: 18400299960377866220

3318 KoroneIsBestGirl the Frost Mage (level 10, -6/106 HPs)
             Began as a Barachi Ice Elementalist on Oct 21, 2021.
             Was an Initiate of Gozag.
             Mangled by Harold (14 damage)
             ... on level 7 of the Dungeon.
             The game lasted 00:20:31 (13715 turns).

KoroneIsBestGirl the Frost Mage (BaIE)             Turns: 13715, Time: 00:20:32

Health: -6/106     AC:  4    Str: 10    XL:     10   Next: 2%
Magic:  12/21      EV: 16    Int: 25    God:    Gozag
Gold:   533        SH:  6    Dex: 14    Spells: 15/24 levels left

rFire   + + +      SeeInvis .   q - staff of air
rCold   . . .      Faith    .   r - +1 buckler {rF+}
rNeg    . . .      Spirit   .   (no armour)
rPois   +          Reflect  .   (no helmet)
rElec   +          Harm     .   (no cloak)
rCorr   .          Rampage  .   (no gloves)
Will    .....                   (no boots)
Stlth   ..........              (no amulet)
HPRegen 0.27/turn               g - ring of Dairoloj {rPois rF+++ Will- AC+4 Dex+2}
MPRegen 0.17/turn               y - +6 ring of intelligence

@: berserking, freezing walls, quick
A: amphibious, slowness 1, strong legs 1, +LOS
a: Hop, Renounce Religion, Potion Petition, Call Merchant, Bribe Branch


You were on level 7 of the Dungeon.
You worshipped Gozag.
Gozag was pleased with you.
You visited 2 branches of the dungeon, and saw 8 of its levels.
You also visited: Ossuary.

You collected 616 gold pieces.
You paid 83 gold pieces to Gozag.

Inventory:

Hand Weapons
 b - a +0 short sword
Missiles
 k - 2 throwing nets
Armour
 p - a +0 buckler
 r - a +1 buckler of fire resistance (worn)
Magical Staves
 q - a staff of air (weapon)
Jewellery
 g - the ring of Dairoloj (left hand) {rPois rF+++ Will- AC+4 Dex+2}
   (You acquired it on level 2 of the Dungeon)

   [ring of protection]

   AC:        It affects your AC (+4).
   Dex:       It affects your dexterity (+2).
   rF:        It renders you almost immune to fire.
   rPois:     It protects you from poison.
   Will:      It decreases your willpower.
 y - a +6 ring of intelligence (right hand)
Wands
 i - a wand of paralysis (5)
Scrolls
 a - a scroll of fear
 e - 5 scrolls of enchant armour
 f - 6 scrolls of identify
 h - 4 scrolls of teleportation
 n - a scroll of amnesia
 o - a scroll of enchant weapon
 s - a scroll of brand weapon
 u - a scroll of torment
 w - a scroll of blinking
 x - a scroll of magic mapping
Potions
 c - 3 potions of mutation
 d - a potion of lignification
 j - a potion of curing
 l - a potion of might
 m - 3 potions of invisibility
 v - 2 potions of attraction


   Skills:
 - Level 4.0 Fighting
 + Level 8.5 Dodging
 - Level 1.8 Stealth
 - Level 4.0 Shields
 + Level 7.9 Spellcasting
 - Level 3.0 Conjurations
 - Level 9.0 Ice Magic


You had 15 spell levels left.
You knew the following spells:

 Your Spells              Type           Power      Damage    Failure   Level
a - Freeze                Ice            100%       1d11      1%          1
b - Magic Dart            Conj           100%       1d8       1%          1
c - Frozen Ramparts       Ice            100%       1d12      1%          3
d - Hailstorm             Conj/Ice       39%        3d9       5%          4

Your spell library contained the following spells:

 Spells                   Type           Power      Damage    Failure   Level
 Ensorcelled Hibernation  Hex/Ice        64%        N/A       1%          2
 Ozocubu's Armour         Ice            53%        N/A       1%          3
 Summon Small Mammal      Summ           36%        N/A       6%          1
 Blink                    Tloc           N/A        N/A       10%         2
 Call Imp                 Summ           9%         N/A       10%         2
 Slow                     Hex            9%         N/A       10%         2
 Conjure Flame            Conj/Fire      17%        6-21      10%         3
 Mephitic Cloud           Conj/Pois/Air  22%        N/A       12%         3
 Call Canine Familiar     Summ           9%         N/A       19%         3
 Confusing Touch          Hex            9%         N/A       19%         3
 Lesser Beckoning         Tloc           9%         N/A       19%         3
 Summon Guardian Golem    Hex/Summ       9%         N/A       19%         3
 Tukima's Dance           Hex            9%         N/A       19%         3
 Vampiric Draining        Necr           4%         2d6       19%         3
 Flame Wave               Conj/Fire      17%        3d5       32%         4
 Alistair's Intoxication  Tmut/Pois      6%         N/A       86%         5
 Manifold Assault         Tloc           9%         N/A       86%         5


Dungeon Overview and Level Annotations

Branches:
Dungeon (7/15)             Temple (1/1) D:6         Ossuary (visited)

Altars:
Ashenzari
Elyvilon
Fedhas
Gozag
Hepliaklqana
Nemelex Xobeh
Ru
Sif Muna
Uskayaw
Vehumet
Xom
Zin
The Shining One
Lugonu

Shops:
D:3 :

Annotations:
D:7 Harold


Innate Abilities, Weirdness & Mutations

You are amphibious.
You cover ground slowly.
You can hop short distances.
You have an extended range of vision and can be seen from far away.


Message History

Press: ? - help, Shift-Dir - straight line, f/p - Harold
Aim: Harold, wielding a +0 trident, wearing a +1 scale mail of cold resistance and quivering 4 throwing nets (moderately wounded)
You freeze Harold but do no damage.
Harold completely resists. x2
The wall freezes Harold but does no damage.
Harold closely misses you.
Casting: Freeze (safe; 1% risk of failure)
Confirm with . or Enter, or press ? or * to list all spells.
Aiming: Freeze (safe; 1% risk of failure)
Press: ? - help, Shift-Dir - straight line, f/p - Harold
Aim: Harold, wielding a +0 trident, wearing a +1 scale mail of cold resistance and quivering 4 throwing nets (moderately wounded)
You freeze Harold.
Harold resists.
Harold is moderately wounded.
Harold resists.
The wall freezes Harold.
Harold hits you with a +0 trident!
Casting: Freeze (safe; 1% risk of failure)
Confirm with . or Enter, or press ? or * to list all spells.
Aiming: Freeze (safe; 1% risk of failure)
Press: ? - help, Shift-Dir - straight line, f/p - Harold
Aim: Harold, wielding a +0 trident, wearing a +1 scale mail of cold resistance and quivering 4 throwing nets (moderately wounded)
You freeze Harold.
Harold resists.
Harold is moderately wounded.
Harold resists.
The wall freezes Harold.
Harold hits you with a +0 trident!
* * * LOW HITPOINT WARNING * * *
Casting: Freeze (safe; 1% risk of failure)
Confirm with . or Enter, or press ? or * to list all spells.
Aiming: Freeze (safe; 1% risk of failure)
Press: ? - help, Shift-Dir - straight line, f/p - Harold
Aim: Harold, wielding a +0 trident, wearing a +1 scale mail of cold resistance and quivering 4 throwing nets (heavily wounded)
You freeze Harold.
Harold resists.
Harold is heavily wounded.
Harold resists.
The wall freezes Harold.
Harold hits you with a +0 trident!
* * * LOW HITPOINT WARNING * * *
A red film seems to cover your vision as you go berserk!
You feel yourself moving faster!
You feel mighty!
Harold resists.
The wall freezes Harold.
Harold hits you with a +0 trident!
* * * LOW HITPOINT WARNING * * *
You barely miss Harold.
Harold is heavily wounded.
Harold resists.
The wall freezes Harold.
Harold hits you with a +0 trident!
You die...
Your body crumbles into a pile of gold.

...## #.. .....#
#.# ......###.#
.......#..#
.......#..#
..$.......##
........$..##
.........##.##
........@.##.##
.........@###.###
..........#
##..## #.
..........#
##..#####...
.........##
##...........
........##
#............
........
##............
.......#
##.............
......#
#..............


You could see Harold.

Vanquished Creatures
  Pikel (D:5)
  Prince Ribbit (D:5)
  Sigmund (D:5)
  The ghost of mordus the Shield-Bearer, an amateur FoFi (D:4)
  A water moccasin (D:6)
  An orc warrior (D:7)
  2 black bears
  An ogre (D:6)
  A kobold brigand (D:7)
  A bullfrog (D:4)
  13 scorpions
  A wyvern zombie (D:6)
  A wyvern skeleton (D:7)
  An electric eel (D:6)
  A centaur zombie (Ossuary)
  A bullfrog skeleton (D:6)
  3 hounds
  4 human zombies (Ossuary)
  A jelly (D:5)
  An orc priest (D:7)
  6 scorpion zombies (Ossuary)
  A killer bee zombie (D:4)
  4 mummies
  2 hound skeletons (D:4)
  A howler monkey zombie (D:5)
  A howler monkey skeleton (D:6)
  11 adders
  4 gnolls (D:4)
  3 dart slugs
  8 orcs
  7 ball pythons
  4 bats
  9 endoplasms
  2 giant cockroaches
  6 goblins
  11 hobgoblins
  6 jackals (D:2)
  6 quokkas
  5 frilled lizards
  3 goblin zombies
  2 hobgoblin zombies
  16 kobolds
  2 kobold zombies (Ossuary)
  3 orc zombies (Ossuary)
  3 rats
164 creatures vanquished.

Vanquished Creatures (others)
  6 fungi (D:2)
  11 plants
17 creatures vanquished.

Grand Total: 181 creatures vanquished

Notes
Turn   | Place    | Note
-------+----------+-------------------------------------------
     0 | D:1      | KoroneIsBestGirl the Barachi Ice Elementalist began the
                  | quest for the Orb.
     0 | D:1      | Reached XP level 1. HP: 13/13 MP: 3/3
    61 | D:1      | Reached skill level 5 in Ice Magic
   321 | D:1      | Reached XP level 2. HP: 19/19 MP: 3/5
   493 | D:1      | Learned a level 1 spell: Magic Dart
  1331 | D:2      | Reached XP level 3. HP: 23/24 MP: 4/6
  1388 | D:2      | Learned a level 3 spell: Frozen Ramparts
  1801 | D:2      | Reached skill level 1 in Conjurations
  1932 | D:2      | Reached XP level 4. HP: 10/30 MP: 0/8
  2161 | D:2      | Found a faded altar of an unknown god.
  2169 | D:2      | Prayed at the altar of an unknown god.
  2169 | D:2      | Became a worshipper of Ashenzari the Shackled
  2169 | D:2      | Identified a scroll of acquirement
  2170 | D:2      | Acquired the ring of Dairoloj {rPois rF+++ Will- AC+4
                  | Dex+2}
  2817 | D:3      | Reached skill level 6 in Ice Magic
  2839 | D:3      | Found Koll's Book Shoppe.
  3227 | D:3      | Reached XP level 5. HP: 35/35 MP: 5/9
  3228 | D:3      | Found a sparkling altar of Nemelex Xobeh.
  3788 | D:4      | Found a runed translucent door.
  3791 | D:4      | Noticed mordus's ghost (amateur FoFi)
  3808 | D:4      | Killed mordus's ghost
  3809 | D:4      | Reached skill level 7 in Ice Magic
  3809 | D:4      | Reached XP level 6. HP: 35/41 MP: 0/11
  4176 | D:4      | Reached XP level 7. HP: 46/46 MP: 5/12
  4627 | D:4      | Reached skill level 1 in Fighting
  4976 | D:5      | Entered Level 5 of the Dungeon
  5022 | D:5      | Identified the Catalogue of Mutagenic Heat
  5064 | D:5      | Reached skill level 1 in Shields
  5241 | D:5      | Noticed Sigmund
  5255 | D:5      | Killed Sigmund
  5351 | D:5      | Reached XP level 8. HP: 55/57 MP: 10/14
  5391 | D:5      | Noticed Pikel
  5406 | D:5      | Killed Pikel
  5407 | D:5      | Reached skill level 5 in Dodging
  5407 | D:5      | Reached skill level 8 in Ice Magic
  5990 | D:5      | Noticed Prince Ribbit
  6018 | D:5      | Killed Prince Ribbit
  6019 | D:5      | Reached skill level 5 in Spellcasting
  6086 | D:5      | Learned a level 4 spell: Hailstorm
  6144 | D:6      | Found a glowing golden altar of the Shining One.
  6488 | D:6      | Found a staircase to the Ecumenical Temple.
  6500 | Temple   | Entered the Ecumenical Temple
  6513 | Temple   | Fell from the grace of Ashenzari
  6513 | Temple   | Became a worshipper of Gozag Ym Sagoz the Greedy
  6710 | D:6      | Reached XP level 9. HP: 63/65 MP: 11/17
  6821 | D:6      | Found a shimmering altar of Xom.
  7008 | D:5      | Reached skill level 9 in Ice Magic
  9365 | D:7      | Found a sand-covered staircase.
  9389 | Ossuary  | Entered an ossuary
 11839 | Ossuary  | HP: 1/65 [scorpion zombie (6)]
 13134 | D:7      | Was forgiven by Ashenzari
 13148 | D:7      | Reached XP level 10. HP: 10/71 MP: 6/21
 13703 | D:7      | Noticed Harold
 13715 | D:7      | Mangled by Harold

Illustrated notes

Levels and vault maps discovered:
D:1:      nicolae_arrival_washed_ashore, layout_basic
D:2:      layout_basic, shapermc_ecumenical_altar_mp_urbaneastern
D:3:      layout_basic, mainiacjoe_overflow_cross_hatched, serial_shops, shop
D:4:      layout_basic, ebering_ghost_sewer_d, serial_bayou_pond_d,
          minmay_misc_feat_encased
D:5:      layout_basic, mainiacjoe_overflow_paths, uniq_sigmund, uniq_pikel,
          uniq_duvessa, uniq_prince_ribbit1
D:6:      layout_loops_ring, kennysheep_mini_moat,
          lemuel_coloured_pillars_altar, amcnicky_altar_gilded,
          minmay_temple_entry_trees, serial_bayou_lagoon_a, minmay_crystal_room
D:7:      layout_cave_pods, nicolae_ossuary_entry_giza, hex_tiny, uniq_harold
Temple:   corrupted_temple

Skill      XL: |  1  2  3  4  5  6  7  8  9 |
---------------+----------------------------+-----
Ice Magic      | 5 6 7 8 9 |  9.0
Conjurations   | 1 2 3 |  3.0
Dodging        | 3 4 5 8 |  8.5
Spellcasting   | 3 4 5 7 |  7.9
Fighting       | 2 4 |  4.0
Shields        | 2 4 |  4.0
Stealth        | |  1.8

Action                   |  1- 3 |  4- 6 |  7- 9 | 10-12 || total
-------------------------+-------+-------+-------+-------++-------
Melee: Short sword       |    15 |    12 |    32 |       ||    59
       Staff             |       |       |   386 |     1 ||   387
 Cast: Freeze            |    44 |    69 |   120 |    11 ||   244
       Frozen Ramparts   |     1 |     2 |    55 |     1 ||    59
       Magic Dart        |       |     1 |    11 |       ||    12
Invok: Curse Item        |       |       |     1 |       ||     1
 Abil: Hop               |     1 |       |     7 |       ||     8
  Use: Scroll            |       |     1 |     6 |       ||     7
       Potion            |       |     2 |     3 |     1 ||     6
 Stab: Sleeping          |     1 |       |     1 |       ||     2
Armor: Robe              |     9 |    25 |    30 |       ||    64
       Skin              |       |       |   100 |       ||   100
Dodge: Dodged            |    40 |    55 |   298 |     7 ||   400
Block: Buckler           |       |       |   103 |     2 ||   105

Table legend: (Time is in decaauts)
 A = Elapsed time spent in this place.
 B = Non-inter-level travel time spent in this place.
 C = Inter-level travel time spent in this place.
 D = Time resting spent in this place.
 E = Time spent auto-exploring this place.
 F = Levels seen in this place.
 G = Mean time per level.
                   A        B        C        D        E       F      G
               +--------+--------+--------+--------+--------+-----+--------+
         Total |  14664 |  14404 |    260 |   5188 |   7267 |   9 | 1629.3 |
       Dungeon |  10849 |  10600 |    249 |   3123 |   6172 |   7 | 1549.9 |
        Temple |     36 |     26 |     10 |      0 |      6 |   1 |   36.0 |
       Ossuary |   3778 |   3778 |      0 |   2065 |   1088 |   1 | 3778.0 |
               +--------+--------+--------+--------+--------+-----+--------+

Top non-repeatable levels by time:
 Ossuary: 3778 daAuts
     D:5: 2621 daAuts
     D:4: 1757 daAuts
     D:6: 1562 daAuts
     D:2: 1543 daAuts
     D:1: 1430 daAuts
     D:3: 1126 daAuts
     D:7: 808 daAuts
  Temple: 36 daAuts
